[Event "*** Qualifier 3: Titled Tuesday 3|2 Blitz"]
[Site "Chess.com"]
[Date "2017.04.18"]
[Round "3"]
[White "roldieyi"]
[Black "silverback96"]
[Result "1-0"]
[WhiteElo "2228"]
[BlackElo "2041"]
[TimeControl "180+2"]
[EndTime "13:41:06 PDT"]
[Termination "roldieyi won by resignation"]

1. d4 Nf6 2. Nf3 c5 3. d5 e6 4. c4 exd5 5. cxd5 d6 6. Nc3 g6 7. e4 Bg7 8. h3 O-O 9. Be2 Re8 10.
Qc2 b5 11. Bxb5 Bd7 12. Bxd7 Nbxd7 13. O-O c4 14. Bf4 Nc5 15. e5 dxe5 16. Bxe5 Nd3 17.
Bh2 Nxd5 18. Nxd5 Qxd5 19. Rad1 Rad8 20. b3 cxb3 21. axb3 Qf5 22. Qc7 Rd7 23. Qc2 Red8 24. Bg3 h5 25. Rb1 g5 26. h4 g4 27. Ne1 Be5 28.
Nxd3 Rxd3 29. Bxe5 Qxe5 30. Rbe1 Qf6 31. g3 Rd2 32.
Qc5 R8d3 33. Re8+ Kh7 34. Qxh5+ Qh6 35. Rh8+ Kxh8 36. Qxh6+ Kg8 37. Qg5+ Kf8 38. Qxg4 Rxb3 39. Qc8+ Kg7 40. Qg4+ Kf8 41. Rc1 Rbb2 42. Rc8+ Ke7 43.
Qe4+ Kf6 44. Rc6+ Kg7 45. Qe5+ Kh7 46. Rf6 Kg7 47. Rb6+ Kf8 48. Qh8+ Ke7 49. Rxb2 Rxb2 50. Qxb2 1-0

[Event "*** Qualifier 3: Titled Tuesday 3|2 Blitz"]
[Site "Chess.com"]
[Date "2017.04.18"]
[Round "3"]
[White "saraswathii"]
[Black "Rogue_King"]
[Result "0-1"]
[WhiteElo "2234"]
[BlackElo "2139"]
[TimeControl "180+2"]
[EndTime "13:41:09 PDT"]
[Termination "Rogue_King won by resignation"]

1. e4 c6 2. d3 d5 3. Nd2 e5 4. Ngf3 Bd6 5. g3 Nf6 6. Bg2 O-O 7. O-O Bg4 8. h3 Bh5 9. c3 Nbd7 10. Qc2 Re8 11. Re1 Bg6 12. Nh4 Bc5 13.
Nf1 dxe4 14. dxe4 Qb6 15. Be3 a5 16. Nd2 Bxe3 17. Rxe3 Nc5 18. Nf5 Rad8 19. Nf1 Rd7 20. g4 Red8 21. Bf3 Ne6 22. h4 h5 23. g5 Ng4 24.
Bxg4 hxg4 25. Rg3 Bh5 26. N5e3 Nf4 27. Nxg4 Bxg4 28. Rxg4 Rd3 29. Re1 Rf3 30. Rxf4 Rxf4 31. Ne3 Rxh4 32. Rd1 Qc7 33. Rxd8+ Qxd8 34. Nf5 Qxg5+ 35.
Kf1 Rh1+ 36. Ke2 Qg4+ 37. Kd3 Rh3+ 38. Kc4 Rf3 39. Nd6 Qe6+ 40. Kc5 Rf6 41. Nxb7 Qe7+ 42. Kb6 c5+ 43. Ka7 Qe6 44. Qd3 Qb6+ 45. Kb8 Rxf2 46.
Qd7 Rxb2 47. Qe8+ Kh7 48. Qxf7 Qd6+ 49. Kc8 Qg6 50. Qc7 Qxe4 51. Nxc5 Qa8+ 52. Kd7 Rd2+ 53. Ke7 Qd5 54. Ne6 Rf2 55. Ng5+ Kg6 56. Qb6+ Rf6 57. Qg1 Qd6+ 0-1

[Event "*** Qualifier 3: Titled Tuesday 3|2 Blitz"]
[Site "Chess.com"]
[Date "2017.04.18"]
[Round "3"]
[White "agapov771"]
[Black "XiaoKangZhong"]
[Result "1-0"]
[WhiteElo "2439"]
[BlackElo "1947"]
[TimeControl "180+2"]
[EndTime "13:41:10 PDT"]
[Termination "agapov771 won by checkmate"]

1. d4 Nf6 2. c4 g6 3. Nc3 d5 4. cxd5 Nxd5 5. e4 Nxc3 6. bxc3 Bg7 7. Nf3 c5 8. Be2 O-O 9. O-O Nc6 10. Be3 Qa5 11. Qb3 Rd8 12. Rad1 e6 13.
Bg5 f6 14. Be3 cxd4 15. cxd4 Kh8 16. Rc1 f5 17. Ng5 Qc7 18. d5 exd5 19. exd5 h6 20. d6 Rxd6 21. Nf7+ Kh7 22. Nxd6 Qxd6 23. Rfd1 Qf6 24.
g3 Rb8 25. Bf4 Be6 26. Qe3 Rf8 27. Rd6 Re8 28. h4 Ne5 29. Rc7 Nf7 30. Rd1 g5 31. hxg5 hxg5 32. Bd6 Nxd6 33. Rxd6 Qa1+ 34. Rc1 Qf6 35. Bc4 Bxc4 36. Rxf6 Rxe3 37. fxe3 Bxf6 38. Rxc4 b6 39. Rc7+ Kg6 40. Rxa7 Be5 41. Kf2 Bc3 42.
Kf3 Ba5 43. g4 fxg4+ 44. Kxg4 Bd2 45. e4 Bc3 46. Rc7 Bd4 47. Rc6+ Kf7 48. Kxg5 Ke7 49. Kf5 Kd7 50. Rh6 Bc5 51. e5 Ke7 52. Rh7+ Ke8 53. Ke6 Kd8 54. a4 Kc8 55. Kd5 Kd8 56. a5 Bf2 57. a6 b5 58. Rb7 b4 59. Rxb4 Kc7 60. Rb7+ Kc8 61. Kc6 Bd4 62. e6 Bf6 63. a7 Be7 64. a8=Q# 1-0

[Event "*** Qualifier 3: Titled Tuesday 3|2 Blitz"]
[Site "Chess.com"]
[Date "2017.04.18"]
[Round "3"]
[White "MateusViageiro"]
[Black "MFBerna"]
[Result "0-1"]
[WhiteElo "2290"]
[BlackElo "2167"]
[TimeControl "180+2"]
[EndTime "13:41:15 PDT"]
[Termination "MFBerna won by resignation"]

1. e4 c5 2. Nf3 Nc6 3. Bb5 d6 4.
O-O Bd7 5. d4 cxd4 6. Nxd4 Nf6 7. Nc3 e6 8. Re1 Be7 9. Bg5 O-O 10. Bf1 Nxe4 11. Nxe4 Bxg5 12. Nxd6 Bf6 13. c3 Nxd4 14. cxd4 Bc6 15. Nb5 a6 16. Nc3 Bxd4 17. Qc2 Qf6 18.
Rad1 Rad8 19. Rd3 Qg6 20. Red1 e5 21. Qd2 f5 22. Ne2 Bb6 23. Rxd8 Rxd8 24. Qc2 Rxd1 25. Qxd1 f4 26. Qb3+ Kh8 27. Qxb6 h6 28. Nc3 e4 29. Bc4 Qf5 30. Qd8+ Kh7 31. Qg8+ Kg6 32. Qe6+ Qxe6 33. Bxe6 Kf6 34. Bd5 Bxd5 35. Nxd5+ Ke5 36. Nc3 Kd4 37.
Kf1 g5 38. Ke1 Kd3 39. Kd1 b5 40. Nd5 a5 41. Nc7 b4 42. Nd5 h5 43. h3 h4 44. b3 Kd4 45. Nb6 g4 46. Ke2 f3+ 47.
Kf1 gxh3 48. gxh3 Kc3 49. Nc4 a4 50. Nd6 a3 51. Nxe4+ Kb2 52. Nc5 Kxa2 53. Nd3 Kxb3 54. Ke1 a2 55. Nc1+ Kb2 56. Nxa2 Kxa2 0-1

[Event "*** Qualifier 3: Titled Tuesday 3|2 Blitz"]
[Site "Chess.com"]
[Date "2017.04.18"]
[Round "3"]
[White "popov_m"]
[Black "Spartakus1975"]
[Result "0-1"]
[WhiteElo "2411"]
[BlackElo "2567"]
[TimeControl "180+2"]
[EndTime "13:41:28 PDT"]
[Termination "Spartakus1975 won by resignation"]

1. c4 e5 2. g3 Nf6 3. Bg2 h6 4.
Nc3 Bb4 5. Nd5 Nxd5 6. cxd5 O-O 7. Nf3 d6 8. O-O c6 9. dxc6 Nxc6 10. a3 Ba5 11. b4 Bb6 12. Bb2 e4 13. Ne1 d5 14. d3 Bf5 15. dxe4 dxe4 16. Nc2 Qe7 17. Ne3 Bxe3 18. fxe3 Bg6 19. b5 Rad8 20. Qa4 Ne5 21. Bd4 b6 22. Qb3 Rd7 23. a4 Rfd8 24. a5 Rxd4 25.
exd4 Rxd4 26. axb6 axb6 27. Qe3 Qc5 28. Rac1 Nc4 29.
Qf2 Qd6 30. Qf4 Qd5 31. h4 h5 32. Kh2 Kh7 33. Qb8 Ne3 34. Rf2 Ng4+ 35. Kg1 Nxf2 36. Kxf2 e3+ 37. Kg1 Rd1+ 38. Rxd1 Qxd1+ 39. Bf1 Qe1 40. Qf4 Qc3 41. g4 hxg4 42. Qxg4 Qe5 43. Qh3 Qxb5 44.
Qxe3 Qc5 45. Kf2 Bf5 46. Bg2 Kg6 47. Bf3 Kf6 48. Qxc5 bxc5 49. e4 Bh7 50. Ke3 Ke5 51.
Bg2 f6 52. Bf3 c4 53. Be2 c3 54. Bd3 f5 55. exf5 Bxf5 56. h5 c2 57. Bxc2 Bxc2 58. h6 g5 59. Kf3 Bg6 60. Kg4 Kf6 0-1

[Event "*** Qualifier 3: Titled Tuesday 3|2 Blitz"]
[Site "Chess.com"]
[Date "2017.04.18"]
[Round "3"]
[White "JusticeBot"]
[Black "Lupul_Cenusiu"]
[Result "0-1"]
[WhiteElo "2513"]
[BlackElo "2459"]
[TimeControl "180+2"]
[EndTime "13:41:30 PDT"]
[Termination "Lupul_Cenusiu won by resignation"]

1. e4 g6 2. d4 Bg7 3. Nc3 d6 4. Nf3 Nf6 5. h3 O-O 6. Be2 c6 7. O-O Qa5 8. Bf4 Nbd7 9. Bh2 e5 10.
Re1 h6 11. Bf1 Re8 12. a4 Qc7 13. Qd2 Nf8 14. Rad1 a5 15. dxe5 dxe5 16. Qd6 Qxd6 17. Rxd6 N6d7 18. Red1 Nb6 19. Rd8 Bd7 20. Rxa8 Nxa8 21.
Bc4 Nb6 22. Bb3 Bf6 23. Rd6 Kg7 24. Nd1 Nc8 25. Rd3 Be6 26. Ne3 Bxb3 27. Rxb3 Nd6 28. Ng4 Nd7 29. Rd3 Re6 30. Nfxe5 Nxe5 31. Bxe5 Bxe5 32.
Nxe5 Nxe4 33. Nc4 Nc5 34. Rd8 Nxa4 35. b3 Nc3 36. Nxa5 b6 37. Nc4 Nd5 38. Rc8 h5 39. g3 c5 40. Kg2 Nb4 41. Ne3 Rd6 42. Rb8 Rc6 43. Rb7 Rd6 44. c3 Na2 45. Nc4 Re6 46.
Nxb6 Nxc3 47. Nd7 Ne4 48. Nb6 Rf6 49. f4 Rd6 50. Nc4 Rd3 51. Rxf7+ Kg8 52. Ne5 Rxg3+ 53. Kh2 Rxb3 54. Rc7 Rb2+ 55. Kg1 Rb3 56. Kg2 Rg3+ 57. Kh2 h4 58. Rc6 Kg7 59. Rc7+ Kf6 60. Ng4+ Kf5 61.
Rf7+ Ke6 62. Rf8 Nd2 63. Ne5 c4 64. Rd8 c3 65. Rc8 Kf5 66. Rc6 Nf1+ 67. Kh1 Nd2 68. Kh2 Ne4 69. Nf7 Nd2 70. Ne5 g5 71. Nc4 Nxc4 72.
Rxc4 gxf4 73. Rc5+ Ke6 74. Rc4 Ke5 75. Rc5+ Kd4 76. Rc7 Kd3 77. Rd7+ Ke2 78. Re7+ Re3 79. Rc7 Kd2 80. Rd7+ Rd3 81. Ra7 c2 82. Ra1 c1=Q 0-1

[Event "*** Qualifier 3: Titled Tuesday 3|2 Blitz"]
[Site "Chess.com"]
[Date "2017.04.18"]
[Round "3"]
[White "tigra"]
[Black "iturrizaga"]
[Result "1/2-1/2"]
[WhiteElo "2620"]
[BlackElo "2636"]
[TimeControl "180+2"]
[EndTime "13:41:34 PDT"]
[Termination "Game drawn by agreement"]

1. d4 Nf6 2. Bf4 c5 3. d5 d6 4.
Nc3 g6 5. e4 Bg7 6. Nf3 O-O 7.
a4 Na6 8. Be2 Nb4 9. O-O Bg4 10. h3 Bxf3 11. Bxf3 Nd7 12. Qd2 a6 13. Nd1 a5 14. c3 Na6 15. Ne3 Nb6 16. Be2 Qd7 17.
Bb5 Qc8 18. Bg5 Qd8 19. f4 Nc7 20. Be2 Qd7 21. f5 h6 22. Bh4 g5 23. Bg3 Nxa4 24.
f6 Bxf6 25. Rxf6 exf6 26. Nf5 Kh7 27. Nxd6 Nb6 28. Bg4 Qe7 29. Re1 Ne8 30. Nf5 Qd8 31. h4 Nc4 32. Qe2 Ne5 33. Rf1 Ng7 34. hxg5 Nxg4 35.
Nxg7 Kxg7 36. gxf6+ Nxf6 37. Be5 Ra6 38. Qg4+ Kh7 39.
Qf5+ Kh8 40. Bxf6+ Rxf6 41. Qxf6+ Qxf6 42. Rxf6 Kg7 43.
Rb6 Re8 44. Kf2 Rxe4 45. Rxb7 a4 46. d6 Re6 47. Rb6 Kf6 48. Rc6 h5 49. Kf3 h4 50.
c4 Re5 51. Rc8 Ke6 52. Ra8 Kxd6 53. Ra6+ Ke7 54. Rxa4 Re1 55. Kg4 Re4+ 56. Kg5 Re2 57. Ra7+ Kf8 58. Kxh4 Rxg2 59. Rc7 Rxb2 60. Rxc5 Ke7 61.
Kg4 1/2-1/2

[Event "*** Qualifier 3: Titled Tuesday 3|2 Blitz"]
[Site "Chess.com"]
[Date "2017.04.18"]
[Round "3"]
[White "DanielNaroditsky"]
[Black "superjem123"]
[Result "0-1"]
[WhiteElo "2726"]
[BlackElo "2552"]
[TimeControl "180+2"]
[EndTime "13:41:35 PDT"]
[Termination "superjem123 won by resignation"]

1. e4 e5 2. Nf3 Nc6 3. Bb5 Nf6 4. O-O Nxe4 5. d4 Nd6 6. dxe5 Nxb5 7. a4 Nbd4 8. Nxd4 Nxd4 9. Qxd4 d5 10. Qd3 c6 11. Be3 Be6 12. Nd2 Qd7 13. Nb3 Be7 14.
Nc5 Qc8 15. Nb3 O-O 16. Qc3 b6 17. Bf4 c5 18. Qg3 Kh8 19. Nd2 Qc6 20. Rfe1 Rad8 21.
Bg5 Bxg5 22. Qxg5 h6 23. Qh4 Bf5 24. Ra3 Bxc2 25. Rf3 Qe6 26. Rg3 Bh7 27. h3 d4 28.
b3 d3 29. Rg4 Rd5 30. Qg3 Rg8 31. Qe3 Re8 32. Nc4 Red8 33. Nd2 Rd4 34. Rg3 Re8 35.
Rf3 Bg6 36. Kh2 Kh7 37. Rg3 Rd5 38. f4 Qf5 39. Rf3 h5 40. g4 hxg4 41. hxg4 Qxg4 42.
Rg1 Qd7 43. Qf2 Rh8 44. f5 Kg8+ 45. Kg2 Bh5 46. Re3 Bg4 47. Rf1 Rd4 48. Ne4 Qd5 49.
Qf4 Be2 50. Rf2 d2 51. e6 d1=Q 52. Qb8+ Qd8 53. exf7+ Kxf7 54. Ng5+ Qxg5+ 0-1

[Event "*** Qualifier 3: Titled Tuesday 3|2 Blitz"]
[Site "Chess.com"]
[Date "2017.04.18"]
[Round "3"]
[White "pastouche06"]
[Black "Marcus_Harvey"]
[Result "0-1"]
[WhiteElo "2326"]
[BlackElo "2514"]
[TimeControl "180+2"]
[EndTime "13:41:43 PDT"]
[Termination "Marcus_Harvey won by resignation"]

1. c4 e6 2. Nc3 Nf6 3. d4 Bb4 4. e3 O-O 5. Ne2 d6 6. a3 Bxc3+ 7.
Nxc3 e5 8. Be2 Re8 9. O-O Nc6 10. d5 Ne7 11. e4 Ng6 12. g3 Bh3 13. Re1 c6 14. Bg5 h6 15. Be3 cxd5 16. cxd5 a6 17. a4 Nf8 18. a5 N8d7 19. f3 Rc8 20. Qd2 Qc7 21. Rec1 Nc5 22. Ra3 Qb8 23. Nd1 Bd7 24.
b4 Ncxe4 25. fxe4 Nxe4 26. Qb2 Rxc1 27. Qxc1 Bb5 28. Bxb5 axb5 29. Nf2 Nf6 30. Rd3 Rc8 31. Qb2 Qc7 32. Nd1 Qd7 33. Qd2 Rc4 34. Bb6 Qc8 35. Ne3 Rc1+ 36. Kg2 Ne4 37. Qe2 Ng5 38.
Qg4 Rc2+ 39. Kf1 Rc1+ 40. Ke2 Qxg4+ 41. Nxg4 Ne4 42. Ne3 Rb1 43. Nf5 g6 44. Nxh6+ Kg7 45. Ng4 f5 46. Ne3 Rb2+ 47. Ke1 Rxh2 48. Ra3 Rb2 49.
a6 bxa6 50. Rxa6 Rxb4 51. Ba5 Ra4 52. Ra7+ Kh6 53. Bb6 Rxa7 54. Bxa7 f4 55. gxf4 exf4 56. Nd1 Kg5 57. Nf2 Nf6 58. Bb8 Nxd5 59. Bxd6 Kf5 60. Ba3 g5 61. Ke2 g4 62. Bb2 f3+ 63. Kf1 g3 64. Nd1 Kg4 65. Bd4 b4 66. Ne3+ Nxe3+ 67. Bxe3 b3 68. Bd4 Kf5 69. Bb2 Ke4 70. Bf6 Kd3 0-1

[Event "*** Qualifier 3: Titled Tuesday 3|2 Blitz"]
[Site "Chess.com"]
[Date "2017.04.18"]
[Round "3"]
[White "Ilja_Semjonovs"]
[Black "NMJeevanK"]
[Result "1-0"]
[WhiteElo "2199"]
[BlackElo "2147"]
[TimeControl "180+2"]
[EndTime "13:41:44 PDT"]
[Termination "Ilja_Semjonovs won by checkmate"]

1. e4 e5 2. Nf3 Nc6 3. Bb5 a6 4.
Ba4 Nf6 5. O-O Be7 6. d3 b5 7.
Bb3 d6 8. a4 Rb8 9. axb5 axb5 10.
h3 O-O 11. Nc3 Be6 12. Nd5 Bxd5 13. exd5 Nb4 14. c4 bxc4 15. dxc4 c6 16. dxc6 Nxc6 17.
Ba4 Qc7 18. Bg5 Rfd8 19. Qe2 h6 20. Bxf6 Bxf6 21. Rad1 Nb4 22. b3 Qb7 23. Nd2 Be7 24. Ne4 f5 25. Ng3 Rf8 26. Kh1 f4 27. Ne4 Rbd8 28. f3 d5 29. cxd5 Nxd5 30. Qc4 Kh8 31. Bc6 Qa7 32. Bxd5 Rc8 33. Qe2 Qa3 34. Bc4 Bh4 35.
Rd7 Rcd8 36. Rfd1 Rxd7 37. Rxd7 Ra8 38. Rd1 Qb4 39. Qb2 Rc8 40. Qxe5 Rf8 41. Qc3 Qb6 42. Qd4 Qg6 43. Nd6 Bg3 44. Qd5 Qf6 45. Nf7+ Kh7 46.
Bd3+ g6 47. Ne5 Qg7 48. Bxg6+ Kh8 49. Nf7+ Kg8 50. Nxh6+ Kh8 51. Nf7+ Kg8 52. Ng5+ Kh8 53. Ne6 Qxg6 54. Nxf8 Qc2 55. Ne6 Kh7 56. Qd3+ Qxd3 57. Rxd3 Kg6 58. Rd5 Kf6 59. Nd4 Ke7 60. Ne2 Ke8 61.
Nxg3 fxg3 62. b4 Ke7 63. b5 Ke6 64. Rd1 Kf6 65. b6 Ke7 66. b7 Kf7 67. b8=Q Kg7 68. Qe5+ Kh7 69. Rd7+ Kh6 70. Qg7+ Kh5 71. Qg4+ Kh6 72.
Rd6+ Kh7 73. Qg6+ Kh8 74. Rd8# 1-0

[Event "*** Qualifier 3: Titled Tuesday 3|2 Blitz"]
[Site "Chess.com"]
[Date "2017.04.18"]
[Round "3"]
[White "Elshan1985"]
[Black "matiss90"]
[Result "1-0"]
[WhiteElo "2508"]
[BlackElo "2296"]
[TimeControl "180+2"]
[EndTime "13:42:07 PDT"]
[Termination "Elshan1985 won on time"]

1. d4 Nf6 2. Nf3 g6 3. c4 Bg7 4. Nc3 O-O 5. e4 d6 6. Be2 Na6 7. O-O e5 8. Be3 Ng4 9. Bg5 Qe8 10. dxe5 dxe5 11. h3 h6 12. Bd2 Nf6 13. Be3 Nh5 14. Qd2 Nf4 15. Bxf4 exf4 16. Qxf4 c6 17. Rad1 Nc5 18.
e5 Bf5 19. Qe3 Nd7 20. g4 Be6 21. Rfe1 Qe7 22. Bf1 Qb4 23. Rd2 Rae8 24. a3 Qa5 25. Qf4 g5 26. Qd4 f6 27. exf6 Nxf6 28. Re5 Nxg4 29. Rxa5 Bxd4 30. Nxd4 Nf6 31. Nxe6 Rxe6 32. Rxa7 Re1 33. Rd1 Re7 34. Be2 h5 35. Ra5 Rg7 36. Rf5 g4 37. h4 g3 38. fxg3 Rxg3+ 39. Kh2 Re3 40. Rg1+ Kh7 41. Rg2 Kh6 42. Rgf2 Kg7 43. Rg5+ Kf7 44. Bxh5+ Ke7 45. Rg7+ Kd6 46. Bd1 Ng4+ 47.
Rxg4 Rxf2+ 48. Rg2 Rf4 49. h5 Rh4+ 50. Kg1 Rxc4 51. Kf2 Rh3 52. Be2 Rf4+ 53. Ke1 b5 54. Kd2 Kc5 55. Rg5+ Kb6 56. Rxb5+ Kc7 57. Rg5 Rd4+ 58.
Kc2 Rh2 59. Re5 Rdh4 60. Kb3 R2h3 61. Kc2 Rh2 62. Kd2 Kd6 63. Re4 Rxh5 64. Rd4+ Kc7 65. Kc2 Re5 66. Rd2 Re6 67. Bc4 Rxd2+ 68. Kxd2 Rh6 69.
Kc2 Rh2+ 70. Ne2 Rf2 71. b3 Rh2 72. Kc3 Kb6 73. Kb4 Rh3 74. a4 c5+ 75. Ka3 Ka5 76.
Nf4 Rh2 77. Ng6 Rg2 78. Ne5 Rh2 79. Nd7 1-0

[Event "*** Qualifier 3: Titled Tuesday 3|2 Blitz"]
[Site "Chess.com"]
[Date "2017.04.18"]
[Round "3"]
[White "Iball95"]
[Black "Fandorine"]
[Result "0-1"]
[WhiteElo "2536"]
[BlackElo "2691"]
[TimeControl "180+2"]
[EndTime "13:42:08 PDT"]
[Termination "Fandorine won by resignation"]

1. e4 c5 2. Nf3 e6 3. g3 Nc6 4.
Bg2 Nf6 5. Qe2 e5 6. O-O Be7 7. d3 O-O 8. Bg5 d6 9. c3 Be6 10. Na3 Re8 11. Nc4 h6 12. Bxf6 Bxf6 13. Ne3 Ne7 14.
c4 g6 15. Nd5 Nxd5 16. cxd5 Bd7 17. Nd2 b5 18. h4 h5 19. Kh2 a5 20. Bh3 Bxh3 21.
Kxh3 Qd7+ 22. Kg2 a4 23. Rac1 Bg7 24. Nf3 Bh6 25. Rc2 Rec8 26. Nd2 Qe7 27. Qd1 Rc7 28. Qe2 Rac8 29. Qd1 Qd7 30. Qe2 Qg4 31. Qxg4 hxg4 32. Rd1 c4 33. dxc4 Bxd2 34. Rcxd2 Rxc4 35. Re1 Kg7 36. Ree2 b4 37. f3 gxf3+ 38. Kxf3 f5 39. g4 fxe4+ 40. Rxe4 Rf8+ 41. Ke3 Rxe4+ 42. Kxe4 Rf4+ 43.
Ke3 Rxg4 44. Rc2 Rd4 45. Rc7+ Kf6 46. Ra7 b3 47. axb3 axb3 48. Ra5 Kf5 49. Rb5 Rxh4 50. Rb6 Rh3+ 51. Kd2 Ke4 52. Rxd6 g5 53. Rg6 Kxd5 54.
Rxg5 Kd4 55. Rg8 Rh2+ 56. Kc1 Rc2+ 57. Kb1 e4 58. Rb8 e3 59. Rxb3 Rc5 60. Rb4+ Kd3 61. Rb3+ Kd2 62. Rb8 Rc1+ 63. Ka2 e2 64. Rd8+ Ke3 65.
Re8+ Kf3 66. Rf8+ Kg4 67. Re8 e1=Q 68. Rxe1 Rxe1 69. b4 Kf5 70. Kb3 Ke6 0-1

[Event "*** Qualifier 3: Titled Tuesday 3|2 Blitz"]
[Site "Chess.com"]
[Date "2017.04.18"]
[Round "3"]
[White "Dr-Bassem"]
[Black "kikydu96"]
[Result "1/2-1/2"]
[WhiteElo "2612"]
[BlackElo "2352"]
[TimeControl "180+2"]
[EndTime "13:42:17 PDT"]
[Termination "Game drawn by repetition"]

1. e4 e5 2. Nf3 Nc6 3. Bc4 Nf6 4.
d3 Bc5 5. O-O d6 6. c3 a6 7. Bb3 Ba7 8. Re1 h6 9. Nbd2 O-O 10. h3 Nh5 11. Nf1 Qf6 12. Be3 Nf4 13. Ng3 Be6 14. Bxf4 exf4 15. Nh5 Qe7 16. Nxf4 Qf6 17.
Qd2 Ne5 18. Nh2 Bxb3 19. axb3 Qg5 20. d4 Ng6 21. g3 Rfe8 22. Nf3 Qf6 23. Kg2 c6 24.
Nxg6 fxg6 25. e5 dxe5 26. Nxe5 Rad8 27. Nd3 Rf8 28. Qe2 Kh7 29. b4 Rde8 30. Ne5 Bb8 31. f4 Bxe5 32. fxe5 Qe6 33. Rf1 Rxf1 34. Rxf1 Qd5+ 35. Qf3 Qb3 36. Rf2 Re7 37. h4 h5 38.
Qf8 Qd5+ 39. Kh2 Qe6 40. Qd8 Rf7 41. Rxf7 Qxf7 42. Kg2 Qf5 43. Qg5 Qe4+ 44. Kf2 Qc2+ 45. Kf3 Qd3+ 46. Qe3 Qf1+ 47. Qf2 Qd3+ 48. Kg2 Qe4+ 49.
Kh2 Kg8 50. c4 Qd3 51. e6 Qe4 52. d5 cxd5 53. cxd5 Qxd5 54. Qf7+ Kh7 55. Qd7 Qf3 56. Qf7 Qe2+ 57. Kg1 Qe1+ 58. Kg2 Qe2+ 59. Kh3 Qg4+ 60. Kh2 Qe2+ 61. Kg1 Qe1+ 62. Kg2 Qe2+ 63. Kg1 Qe1+ 64.
Kg2 Qe2+ 65. Kg1 1/2-1/2

[Event "*** Qualifier 3: Titled Tuesday 3|2 Blitz"]
[Site "Chess.com"]
[Date "2017.04.18"]
[Round "3"]
[White "evgenysharapov"]
[Black "MaxLeto"]
[Result "0-1"]
[WhiteElo "2261"]
[BlackElo "2320"]
[TimeControl "180+2"]
[EndTime "13:42:25 PDT"]
[Termination "MaxLeto won on time"]

1. e4 c5 2. Nf3 d6 3. d4 cxd4 4. Nxd4 Nf6 5. Nc3 a6 6. g3 e6 7. Bg2 Be7 8. O-O O-O 9. a4 Qc7 10. a5 Nc6 11. Nb3 b5 12. axb6 Qxb6 13. Be3 Qc7 14.
f4 Bb7 15. g4 Rfd8 16. g5 Nd7 17. f5 Nde5 18. fxe6 fxe6 19. Bh3 Bc8 20. Nd4 Nxd4 21. Qxd4 Bd7 22. Kh1 Rdb8 23. Ra2 a5 24. Rfa1 Rb7 25. Bf4 Rab8 26. b3 Rb4 27. Qd2 Rc8 28. Ne2 Rxe4 29. Nd4 Ng6 30. Bg3 Qc5 31. Nf3 Qe3 32. Qxe3 Rxe3 33.
Bg2 e5 34. Rxa5 Rxc2 35. Ne1 Rc8 36. Bd5+ Kh8 37. Ra8 Rc3 38. Rxc8+ Rxc8 39. Ra7 Bh3 40. b4 Bxg5 41. b5 Be3 42. Rb7 Nf4 43. Bxf4 exf4 44.
Nf3 Ra8 45. Ne1 h5 46. Rxg7 Kxg7 47. Bxa8 Kf6 48. Bc6 Bf5 49. Ng2 Bb6 50. Nxf4 Kg5 51. Nd5 Bc5 52. Kg2 Be4+ 53. Kg3 h4+ 54. Kh3 Bd3 55.
Ne7 Bf1+ 56. Bg2 Bxb5 57. Bc6 Bf1+ 58. Bg2 Be2 59. Bd5 Bf1+ 60. Bg2 Bc4 61. Bd5 Be2 0-1

[Event "*** Qualifier 3: Titled Tuesday 3|2 Blitz"]
[Site "Chess.com"]
[Date "2017.04.18"]
[Round "3"]
[White "Rodalquilar"]
[Black "Indianlad"]
[Result "1/2-1/2"]
[WhiteElo "2532"]
[BlackElo "2724"]
[TimeControl "180+2"]
[EndTime "13:43:23 PDT"]
[Termination "Game drawn by repetition"]

1. d4 Nf6 2. Bf4 g6 3. e3 Bg7 4. Nf3 O-O 5. Be2 c5 6. O-O d6 7. c3 Qb6 8. Nbd2 Be6 9. e4 cxd4 10. cxd4 Bg4 11. Nc4 Qd8 12. h3 Bxf3 13. Bxf3 d5 14.
exd5 Nxd5 15. Be5 Nc6 16. Bxg7 Kxg7 17. Ne3 Nf6 18. d5 Ne5 19. Re1 Qb6 20. Nf5+ gxf5 21.
Rxe5 Qxb2 22. Rxe7 Rfe8 23. Rb1 Qxa2 24. Rbxb7 Rxe7 25. Rxe7 Rb8 26. Qd4 Rb1+ 27. Kh2 Qb2 28. Qxa7 Qb8+ 29.
Qxb8 Rxb8 30. Kg3 Rb4 31. Ra7 Rd4 32. Kh2 f4 33. h4 h5 34. Kh3 Rd2 35. Ra4 Rxf2 36.
Rxf4 Rd2 37. Rf5 Rd3 38. Kh2 Kg6 39. Rg5+ Kh6 40. Kg1 Rd4 41. g3 Ng4 42. Bxg4 hxg4 43. Kf2 f6 44. Rg8 Rxd5 45. Rxg4 Ra5 46. Rf4 Kg6 47. Kg2 Re5 48. Kh3 f5 49. Ra4 Kh5 50. Rf4 Ra5 51. Kg2 Re5 52. Ra4 Rb5 53. Kh3 Rb2 54.
Ra8 Rf2 55. Rg8 Kh6 56. Ra8 Kh5 57. Ra6 Rf3 58. Rf6 Rf2 59. Rf7 Kg6 60. Ra7 Rb2 61. Ra6+ Kg7 62. h5 Rb4 63. Rc6 Rb3 64. Kh4 Rb4+ 65. Kh3 Rb3 66. Rg6+ Kh7 67. Kh4 Rb5 68.
Rc6 Ra5 69. Kg5 f4+ 70. Kxf4 Rxh5 71. g4 Ra5 72. Rb6 Kg7 73. Kg3 Rc5 74. Kh4 Ra5 75. Rb7+ Kg6 76. Rb6+ Kg7 77. g5 Ra1 78. Rb7+ Kg6 79.
Rb6+ Kg7 80. Rb4 Kg6 81. Kg4 Rg1+ 82. Kf4 Rxg5 83. Rb6+ Kh5 84. Rb8 Rg4+ 85. Kf5 Rg5+ 86. Kf4 Rg4+ 87. Kf5 Rg5+ 88. Kf4 Rg4+ 1/2-1/2

[Event "*** Qualifier 3: Titled Tuesday 3|2 Blitz"]
[Site "Chess.com"]
[Date "2017.04.18"]
[Round "4"]
[White "mwpchess"]
[Black "MatBobula"]
[Result "1-0"]
[WhiteElo "2394"]
[BlackElo "2323"]
[TimeControl "180+2"]
[EndTime "13:47:00 PDT"]
[Termination "mwpchess won by resignation"]

1. c4 c5 2. g3 Nc6 3. Bg2 Nf6 4.
Nc3 g6 5. a3 Bg7 6. Rb1 O-O 7. b4 cxb4 8. axb4 d6 9. Nf3 Rb8 10.
O-O a6 11. b5 axb5 12. Nxb5 Bg4 13. d3 Nd7 14. Bb2 Bxb2 15. Rxb2 Nc5 16. Nbd4 e5 17.
Nb5 1-0

[Event "*** Qualifier 3: Titled Tuesday 3|2 Blitz"]
[Site "Chess.com"]
[Date "2017.04.18"]
[Round "4"]
[White "JoachimBN"]
[Black "kleinebeer98"]
[Result "1-0"]
[WhiteElo "2657"]
[BlackElo "2461"]
[TimeControl "180+2"]
[EndTime "13:47:21 PDT"]
[Termination "JoachimBN won by resignation"]

1. Nf3 Nf6 2. c4 e6 3. g3 d5 4.
d4 Be7 5. Bg2 O-O 6. O-O dxc4 7.
Ne5 Nc6 8. Bxc6 bxc6 9. Nxc6 Qe8 10. Nxe7+ Qxe7 11. Qa4 e5 12. dxe5 Qxe5 13. Nc3 Bb7 14. Qb5 Qxb5 15. Nxb5 Nd5 16. Bd2 Rfe8 17. Rfe1 a6 18.
Nc3 Rad8 19. Nxd5 Rxd5 20. Bc3 h5 21. f3 h4 22. Kf2 hxg3+ 23. hxg3 Red8 24. Rh1 f6 25. Rh4 Rc5 26. Rc1 Bd5 27. Rd1 Rd7 28. Rhd4 1-0

[Event "*** Qualifier 3: Titled Tuesday 3|2 Blitz"]
[Site "Chess.com"]
[Date "2017.04.18"]
[Round "4"]
[White "Kacparov"]
[Black "Bugcrusher"]
[Result "1-0"]
[WhiteElo "2611"]
[BlackElo "2503"]
[TimeControl "180+2"]
[EndTime "13:47:31 PDT"]
[Termination "Kacparov won by resignation"]

1. e4 e6 2. d4 d5 3. Nd2 Be7 4. Ngf3 Nf6 5. e5 Nfd7 6. Bd3 c5 7. c3 Nc6 8. O-O a5 9. Re1 cxd4 10. cxd4 Qb6 11. Qa4 Qb4 12. Qxb4 Nxb4 13. Bb1 b6 14. a3 Nc6 15. b3 Ba6 16. Bb2 O-O 17. Bc2 Rfc8 18. Rac1 Na7 19. Bb1 Nb5 20. Bd3 Nxa3 21. Rxc8+ Bxc8 22. Ra1 a4 23. Bxa3 axb3 24. Bb2 Ra2 25.
Rb1 Bb4 26. Nxb3 1-0

[Event "*** Qualifier 3: Titled Tuesday 3|2 Blitz"]
[Site "Chess.com"]
[Date "2017.04.18"]
[Round "4"]
[White "cheese111"]
[Black "PelinGorki"]
[Result "0-1"]
[WhiteElo "2254"]
[BlackElo "2375"]
[TimeControl "180+2"]
[EndTime "13:48:08 PDT"]
[Termination "PelinGorki won on time"]

1. e4 d6 2. d4 Nf6 3. Nc3 c6 4. g3 Nbd7 5. Bg2 e5 6. Nge2 Be7 7.
O-O b5 8. a3 Bb7 9. h3 O-O 10.
f4 a5 11. Be3 b4 12. axb4 axb4 13. Rxa8 Qxa8 14. Nb1 exd4 15. Nxd4 c5 16. Nf5 Re8 0-1

[Event "*** Qualifier 3: Titled Tuesday 3|2 Blitz"]
[Site "Chess.com"]
[Date "2017.04.18"]
[Round "4"]
[White "Cayse"]
[Black "Elshan1985"]
[Result "1-0"]
[WhiteElo "2629"]
[BlackElo "2503"]
[TimeControl "180+2"]
[EndTime "13:48:36 PDT"]
[Termination "Cayse won by resignation"]

1. e4 e5 2. Nf3 Nc6 3. Bc4 Nf6 4.
Ng5 d5 5. exd5 Nd4 6. c3 b5 7. Bf1 Nxd5 8. cxd4 Qxg5 9. Qf3 c6 10. Nc3 exd4 11.
Nxd5 Qxd5 12. Qxd5 cxd5 13. Bxb5+ Bd7 14. Bxd7+ Kxd7 15. Ke2 Bc5 16. b3 a5 17. Bb2 a4 18. Rac1 Rhc8 19. Rc2 axb3 20. axb3 f6 21. Rhc1 d3+ 22. Kxd3 Bxf2 23. Rxc8 Rxc8 24. Rxc8 Kxc8 25. Bd4 Bh4 26. g3 Bg5 27. Be3 Bxe3 28. dxe3 Kc7 29. Kd4 Kd6 30.
b4 Kc6 31. g4 Kd6 32. b5 g6 33. b6 Kc6 34. b7 Kxb7 35. Kxd5 1-0

[Event "*** Qualifier 3: Titled Tuesday 3|2 Blitz"]
[Site "Chess.com"]
[Date "2017.04.18"]
[Round "4"]
[White "Wolverine_master"]
[Black "NowInChess"]
[Result "0-1"]
[WhiteElo "1962"]
[BlackElo "1994"]
[TimeControl "180+2"]
[EndTime "13:49:06 PDT"]
[Termination "NowInChess won by checkmate"]

1. e4 e6 2. d4 d5 3. Nd2 Nf6 4. Bd3 c5 5. c3 Nc6 6. e5 Nd7 7. Ne2 cxd4 8. cxd4 f6 9. Nf4 Nxd4 10.
Qh5+ Ke7 11. Ng6+ hxg6 12. exf6+ Nxf6 13. Qxh8 Kf7 14. O-O e5 15. Qh4 e4 16. f3 Nf5 17.
Qe1 exd3 18. Nb3 Be6 19. Bg5 Bd6 20. Qd2 Qb6+ 21. Kh1 Rh8 22. g3 Nxg3+ 23. Kg2 Bh3# 0-1